 Dungeon Sprint DCSS version 0.20.1-1-g8b1a95d (webtiles) character file.

16 potatolord6000 the Grave Robber (level 2, -1/25 HPs)
             Began as a Hill Orc Necromancer on Sept 1, 2017.
             Was a Follower of Beogh.
             Slain by an ufetubus (2 damage)
             ... in the Dungeon (Sprint VII: "The Pits").
             The game lasted 00:01:46 (363 turns).

potatolord6000 the Grave Robber (HONe)               Turns: 363, Time: 00:01:48

Health: -1/25      AC:  2    Str: 10    XL:     2   Next: 58%
Magic:  3/5        EV: 12    Int: 15    God:    Beogh [*.....]
Gold:   0          SH:  0    Dex: 11    Spells: 4/5 levels left

rFire    . . .     SeeInvis .   p - +2 falchion
rCold    . . .     Gourm    .   (no shield)
rNeg     . . .     Faith    .   a - +0 robe
rPois    .         Spirit   .   (no helmet)
rElec    .         Reflect  .   (no cloak)
rCorr    .         Harm     .   (no gloves)
MR       .....     NoTele   +   (no boots)
Stlth    ++........             (no amulet)
Regen    0.1/turn               (no ring)
MPRegen  0.1/turn               (no ring)

@: no status effects
A: no striking features
a: Renounce Religion


You were in the Dungeon.
You worshipped Beogh.
Beogh was aware of your devotion.
You were not hungry.

You visited 1 branch

Inventory:

Hand Weapons
 p - a +2 falchion (weapon)
Armour
 a - a +0 robe (worn)
Scrolls
 i - a scroll of blinking
 k - 3 scrolls of remove curse
 l - 5 scrolls of amnesia
 m - a scroll of summoning
Potions
 d - a potion of curing
 e - a potion of heal wounds
 f - a potion of haste
 g - 4 potions of magic
 h - 3 potions of berserk rage
 j - 2 potions of invisibility
Books
 b - a book of Necromancy

   Spells                             Type                      Level
   a - Pain                           Necromancy                   1
   b - Animate Skeleton               Necromancy                   1
   c - Vampiric Draining              Necromancy                   3
   d - Regeneration                   Charms/Necromancy            3
   e - Animate Dead                   Necromancy                   4
   f - Control Undead                 Necromancy                   4
Comestibles
 c - 8 bread rations
 n - 40 fruits
 o - 7 meat rations


   Skills:
 + Level 2.5 Fighting
 + Level 1.3 Long Blades
 - Level 1.4 Armour
 - Level 1.5 Dodging
 - Level 1.5 Stealth
 + Level 2.2 Spellcasting
 + Level 4.7 Necromancy
 + Level 1.6 Invocations


You had 4 spell levels left.
You knew the following spells:

 Your Spells              Type           Power        Failure   Level  Hunger
a - Pain                  Necr           ###.         3%          1    #......


Dungeon Overview and Level Annotations

Branches:
Dungeon (1/1)

Altars:
Ashenzari
Cheibriados
Dithmenos
Elyvilon
Fedhas
Gozag
Hepliaklqana
Kikubaaqudgha
Makhleb
Nemelex Xobeh
Okawaru
Qazlal
Ru
Sif Muna
Trog
Uskayaw
Vehumet
Xom
Yredelemnul
Zin
The Shining One
Beogh
Jiyva
Lugonu


Message History

You miss the ufetubus.
The ufetubus is heavily wounded.
The ufetubus barely misses you. The ufetubus misses you.
The ufetubus hits you. x2
An orc wizard comes into view. It is wielding a dagger.
Unknown command.
You barely miss the ufetubus.
The ufetubus is heavily wounded.
The orc wizard shouts!
The ufetubus barely misses you. The ufetubus misses you. The ufetubus hits you.
* * * LOW HITPOINT WARNING * * *
The ufetubus hits you.
* * * LOW HITPOINT WARNING * * *
You closely miss the ufetubus.
The ufetubus is heavily wounded.
The ufetubus hits you.
* * * LOW HITPOINT WARNING * * *
The ufetubus misses you.
The ufetubus hits you but does no damage.
The ufetubus hits you.
You die...

##########'##...........
#.?(.')))'.##......#..#.
##########.##...........
#...........'...........
#+#####†#####......#..#.
#.....##...........
#####'#####'#####++
#.....##.......#
#..@..##.......#
###5####.......#


ooK #...<...# .oK.. #.......# ......##.......# #########.......# ######### You
could see 2 orc wizards, an orc, an ufetubus and 2 kobolds.

Vanquished Creatures
  A river rat (D)
  An ooze (D)
  A ball python (D)
  A frilled lizard (D)
  A jackal skeleton (D)
5 creatures vanquished.

Notes
Turn   | Place    | Note
-------+----------+-------------------------------------------
     0 | D        | potatolord6000 the Hill Orc Necromancer began the quest for the Orb.
     0 | D        | Reached XP level 1. HP: 14/14 MP: 3/3
    19 | D        | Reached skill level 1 in Fighting
    19 | D        | Reached skill level 1 in Armour
   183 | D        | Found a bloodstained altar of Trog.
   183 | D        | Found a deep blue altar of Sif Muna.
   183 | D        | Found a viscous altar of Jiyva.
   183 | D        | Found a hazy altar of Hepliaklqana.
   183 | D        | Found an opulent altar of Gozag.
   184 | D        | Found a glowing golden altar of the Shining One.
   184 | D        | Found a glowing silver altar of Zin.
   184 | D        | Found a basalt altar of Yredelemnul.
   184 | D        | Found a shimmering altar of Xom.
   184 | D        | Found a sacrificial altar of Ru.
   184 | D        | Found a stormy altar of Qazlal.
   184 | D        | Found an iron altar of Okawaru.
   184 | D        | Found a sparkling altar of Nemelex Xobeh.
   184 | D        | Found a burning altar of Makhleb.
   184 | D        | Found a blossoming altar of Fedhas.
   184 | D        | Found a white marble altar of Elyvilon.
   184 | D        | Found a shadowy altar of Dithmenos.
   184 | D        | Found a snail-covered altar of Cheibriados.
   187 | D        | Found a corrupted altar of Lugonu.
   187 | D        | Found a radiant altar of Vehumet.
   187 | D        | Found a roughly hewn altar of Beogh.
   188 | D        | Found an ancient bone altar of Kikubaaqudgha.
   188 | D        | Found a hide-covered altar of Uskayaw.
   188 | D        | Found a shattered altar of Ashenzari.
   196 | D        | Became a worshipper of Beogh the Brigand
   219 | D        | Reached skill level 1 in Long Blades
   219 | D        | Reached skill level 1 in Invocations
   219 | D        | Reached XP level 2. HP: 22/24 MP: 1/5
   279 | D        | Reached * piety under Beogh
   363 | D        | HP: 1/25 [ufetubus (3)]
   363 | D        | Slain by an ufetubus

Skill      XL: |  1 |
---------------+----+-----
Fighting       | 2 |  2.5
Armour         | 1 |  1.4
Long Blades    | 1 |  1.3
Spellcasting   | 2 |  2.2
Invocations    | 1 |  1.6
Dodging        | |  1.5
Stealth        | |  1.5
Necromancy     | |  4.7

Action                   || total
-------------------------++-------
Melee: Unarmed           ||     4
       Falchion          ||     6
 Cast: Pain              ||    11
Armor: Robe              ||     4
Dodge: Dodged            ||     8
       Rpst.: Falchion   ||     1
